 Dungeon Crawl Stone Soup version 0.17-a0-1447-g3d113ad (webtiles) character file.

3364 nuthulu the Chucker (level 9, 0/89 HPs)
             Began as a Troll Hunter on June 29, 2015.
             Was an Elder of Okawaru.
             Slain by Sirial's ghost (12 damage)
             ... on level 7 of the Dungeon.
             The game lasted 00:20:21 (6955 turns).

nuthulu the Chucker (Troll Hunter)                  Turns: 6955, Time: 00:20:21

Health: 0/89       AC:  6    Str: 25      XL:     9   Next: 73%
Magic:  8/8        EV: 11    Int:  7      God:    Okawaru [****..]
Gold:   311        SH:  0    Dex:  9 (10) Spells: 0 memorised, 8 levels left

rFire  . . .     SeeInvis .       - Unarmed
rCold  . . .     Clarity  .     y - troll hide {Purgy}
rNeg   . . .     SustAt   .     (no shield)
rPois  .         Gourm    +     (helmet restricted)
rElec  .         Spirit   .     j - +0 cloak
rCorr  .         Warding  .     (gloves unavailable)
rMut   .         Stasis   .     (boots unavailable)
MR     .....                    (no amulet)
Stlth  +.........               (no ring)
                                (no ring)

@: not resistant to hostile enchantments, very unstealthy
A: unfitting armour, claws 3, fast metabolism 3, gourmand, regeneration 2,
shaggy fur 1, tough skin 2
a: Heroism, Renounce Religion


You were on level 7 of the Dungeon.
You worshipped Okawaru.
Okawaru was greatly pleased with you.
You were not hungry.

You visited 1 branch of the dungeon, and saw 7 of its levels.
You also visited: Sewer.

You collected 311 gold pieces.

Inventory:

Missiles
 a - 4 large rocks (quivered)
 b - 2 throwing nets
Armour
 d - a +0 robe
 j - a +0 cloak (worn)
 y - a troll hide (worn) {Purgy}
Magical devices
 g - a wand of fireball (9)
 v - a wand of random effects (18)
 A - a wand of confusion (26)
Scrolls
 f - 8 scrolls of remove curse
 k - a scroll of magic mapping
 l - a scroll of identify
 n - 2 scrolls of amnesia
 p - 5 scrolls of teleportation
 r - a scroll of enchant weapon
 w - a scroll of blinking
 x - 2 scrolls of fear
Potions
 c - 6 potions of curing
 h - a potion of mutation
 m - 2 potions of resistance
 q - a potion of flight
 s - 2 potions of haste
 t - a potion of brilliance {unknown}
 u - 3 potions of agility {unknown}
Comestibles
 e - 3 bread rations
 i - a royal jelly
 o - 2 beef jerkies
 z - a slice of pizza
 B - 2 chunks of flesh


   Skills:
 + Level 5.9 Fighting
 + Level 7.4 Throwing
 + Level 5.8 Dodging
 - Level 0.4 Stealth
 + Level 7.0 Unarmed Combat


You had 8 spell levels left.
You didn't know any spells.

Dungeon Overview and Level Annotations

Branches:
Dungeon (7/15)             Temple (0/1) D:6

Altars:
Fedhas
Kikubaaqudgha
Okawaru
Qazlal
Sif Muna
Trog
Zin

Shops:
D:6 (

Annotations:
D:7 Sirial's ghost, experienced DsWn


Innate Abilities, Weirdness & Mutations

You are too large for most types of armour.
You have claws for hands.
Your metabolism is lightning-fast.
You like to eat raw meat.
You heal very quickly.
You are covered in fur (AC +1).
You have very tough skin (AC +2).


Message History

You scratch Sirial's ghost.
Sirial's ghost is severely damaged.
Sirial's ghost hits you.
* * * LOW HITPOINT WARNING * * *
Sirial's ghost burns you.
* * * LOW HITPOINT WARNING * * *
You completely miss Sirial's ghost.
Sirial's ghost is severely damaged.
Sirial's ghost hits you!
* * * LOW HITPOINT WARNING * * *
Sirial's ghost burns you.
* * * LOW HITPOINT WARNING * * *
Unknown command.
You closely miss Sirial's ghost.
Sirial's ghost is severely damaged.
Sirial's ghost barely misses you.
You closely miss Sirial's ghost.
Sirial's ghost is severely damaged.
Sirial's ghost hits you!
You die...

.>...................
.......(.(((............
........................
.......................#
.......................#
.......................#
......................##
.......W..............#.
.......@.............#.#
.......................#
......................#.
.....................#.#
.....................#.#
......................##
................รท...##.#
...................#####
..................##


You could see Sirial's ghost.

Vanquished Creatures
  The ghost of Ajdolov the Spear-Bearer, an experienced MfGl (D:5)
  Grinder (D:3)
  The ghost of PeterLawrence the Cudgeler, an average GrFi (D:4)
  Menkaure (D:5)
  The ghost of HEYYEYAAE the Ducker, an average SpBe of Trog (Sewer)
  Duvessa (D:4)
  2 orc warriors (D:6)
  Purgy (Sewer)
  An ice beast (D:7)
  3 ogres
  A necrophage (D:6)
  6 giant frogs
  Dowan (D:4)
  2 scorpions
  A quasit (D:6)
  2 crimson imps (D:5)
  A centaur skeleton (D:5)
  5 orc priests
  3 iguanas
  A giant frog skeleton (D:4)
  A hound (D:4)
  7 orc wizards
  Jessica (D:3)
  3 worker ants
  A hound skeleton (D:4)
  5 gnolls
  8 adders
  An ooze (D:3)
  An adder skeleton (D:4)
  8 worms
  3 giant geckos
  29 orcs
  4 ball pythons
  13 bats
  A bat zombie (D:5)
  7 giant cockroaches
  13 goblins
  12 hobgoblins
  4 jackals (D:4)
  4 quokkas
  6 giant newts
  11 kobolds
  A quokka skeleton (D:5)
  A quokka zombie (D:5)
  12 rats
193 creatures vanquished.

Notes
Turn   | Place    | Note
--------------------------------------------------------------
     0 | D:1      | nuthulu the Troll Hunter began the quest for the Orb.
     0 | D:1      | Reached XP level 1. HP: 19/19 MP: 0/0
   108 | D:1      | Reached skill level 1 in Unarmed Combat
   108 | D:1      | Reached XP level 2. HP: 11/28 MP: 1/1
   728 | D:1      | Reached XP level 3. HP: 35/35 MP: 2/2
  2175 | D:3      | Reached XP level 4. HP: 34/42 MP: 3/3
  2183 | D:3      | Reached skill level 4 in Throwing
  2349 | D:3      | Reached XP level 5. HP: 48/50 MP: 4/4
  2535 | D:3      | Found an iron altar of Okawaru.
  2542 | D:3      | Became a worshipper of Warmaster Okawaru
  3009 | D:3      | Noticed Grinder
  3012 | D:3      | Paralysed by Grinder for 6 turns
  3019 | D:3      | Killed Grinder
  3019 | D:3      | Reached XP level 6. HP: 34/61 MP: 5/5
  3144 | D:3      | Noticed Jessica
  3151 | D:3      | Killed Jessica
  3151 | D:3      | Acquired Okawaru's first power
  3458 | D:3      | Reached XP level 7. HP: 67/67 MP: 6/6
  3690 | D:4      | Noticed Duvessa
  3690 | D:4      | Noticed Dowan
  3708 | D:4      | Killed Duvessa
  3708 | D:4      | Reached skill level 5 in Throwing
  3713 | D:4      | Killed Dowan
  3960 | D:4      | Found a glowing silver altar of Zin.
  4106 | D:4      | Found a blossoming altar of Fedhas.
  4234 | D:4      | Noticed PeterLawrence's ghost (average GrFi)
  4252 | D:4      | Killed PeterLawrence's ghost
  4252 | D:4      | Reached XP level 8. HP: 51/78 MP: 7/7
  4735 | D:5      | Entered Level 5 of the Dungeon
  4791 | D:5      | Found a deep blue altar of Sif Muna.
  4794 | D:5      | Found a glowing drain.
  4836 | Sewer    | Entered a sewer
  4836 | Sewer    | Noticed HEYYEYAAE's ghost (average SpBe)
  4849 | Sewer    | Killed HEYYEYAAE's ghost
  4979 | Sewer    | Reached skill level 5 in Unarmed Combat
  5012 | Sewer    | Noticed Purgy
  5018 | Sewer    | Killed Purgy
  5165 | D:5      | Found an ancient bone altar of Kikubaaqudgha.
  5181 | D:5      | Noticed Menkaure
  5186 | D:5      | Killed Menkaure
  5186 | D:5      | Reached skill level 6 in Throwing
  5362 | D:5      | Noticed Ajdolov's ghost (experienced MfGl)
  5387 | D:5      | Killed Ajdolov's ghost
  5387 | D:5      | Reached skill level 5 in Fighting
  5387 | D:5      | Reached skill level 5 in Dodging
  5387 | D:5      | Reached XP level 9. HP: 25/88 MP: 8/8
  5789 | D:6      | Found a staircase to the Ecumenical Temple.
  5910 | D:6      | Found Kafol's Weapon Boutique.
  5954 | D:6      | HP: 4/88 [orc warrior/glaive (18)]
  6193 | D:6      | Reached skill level 7 in Throwing
  6237 | D:6      | Found a stormy altar of Qazlal.
  6385 | D:6      | Found a bloodstained altar of Trog.
  6855 | D:7      | Received a gift from Okawaru
  6932 | D:7      | Noticed Sirial's ghost (experienced DsWn)
  6955 | D:7      | Slain by Sirial's ghost

Vault maps used:
D:1:      dpeg_arrival_brainrot
D:3:      overflow_temple_1_default, uniq_grinder, uniq_jessica
D:4:      lemuel_round_altar, overflow_temple_1_default, wad_orctagon,
          uniq_duvessa
D:5:      overflow_temple_1_default, led_sif_book, first_bread,
          portal_sewer_entry_c, hangedman_decor_peaks_small,
          serial_bayou_lagoon_b, uniq_menkaure
D:6:      lemuel_doored_altar, lemuel_crystal_altar, minmay_temple_entry_grid,
          serial_shops, shop, nrook_loot_triangle
D:7:      nicolae_dithmenos_the_darkroom, yredelemnul_forgotten_temple_becter,
          enter_bailey_3, uniq_joseph, uniq_crazy_yiuf_cottage
Sewer:    kennysheep_door_sewer

Action                   |  1- 3 |  4- 6 |  7- 9 || total
-------------------------+-------+-------+-------++-------
Melee: Unarmed           |   132 |   105 |   417 ||   654
Throw: Large rock        |       |     4 |    23 ||    27
Invok: Heroism           |       |       |     1 ||     1
  Use: Scroll            |    11 |     2 |     6 ||    19
       Potion            |       |       |     6 ||     6
 Stab: Sleeping          |       |       |     1 ||     1
  Eat: Chunk             |    22 |    12 |    30 ||    64
       Bread ration      |       |     1 |       ||     1
